 Dungeon Sprint DCSS version 0.31-a0-1093-gadecf4124d (webtiles) character file.

Game seed: 5703553900090812187

1684 Revguard the Jelly (level 8, -3/103 HPs)
             Began as a Demonspawn Gladiator on Nov 29, 2023.
             Was a Believer of Jiyva.
             Slain by a hellwing (7 damage)
             ... in the Dungeon (Sprint V: "Ziggurat Sprint").
             The game lasted 00:05:34 (722 turns).

Revguard the Jelly (Demonspawn Gladiator)            Turns: 722, Time: 00:05:34

Health: -3/103     AC: 37    Str: 29    XL:     8   Next: 71%
Magic:  15/15      EV: 11    Int: 10    God:    Jiyva [**....]
Gold:   0          SH:  0    Dex: 14    Spells: 7/7 levels left

rFire   + + .        F - +7 great mace "Firestarter" {flame, immolate, rFlCloud rF++}
rCold   . . .        (shield currently unavailable)
rNeg    . . .        D - +15 Maxwell's patent armour {-Cast -Tele rElec Will+ rCorr}
rPois   .            A - +2 helmet {SInv}
rElec   +            (no cloak)
rCorr   +            (no gloves)
SInv    +            (no boots)
Will    +....        (no amulet) Stlth
                     B - +6 ring of strength
HPRegen 1.33/turn    C - +6 ring of strength
MPRegen 0.44/turn

%: no teleportation, no spellcasting
@: berserking, sanguine armoured, very quick
A: sanguine armour 1, demonic magic 1, weakness stinger 1
a: Renounce Religion


You were in the Dungeon.
You worshipped Jiyva.
Jiyva was pleased with you.
You visited 1 branch

Inventory:

Hand Weapons
 E - the +6 shillelagh "Devastator" {shatter}
   (You found it in the Dungeon)
 F - the +7 great mace "Firestarter" (weapon) {flame, immolate, rFlCloud rF++}
   (You found it in the Dungeon)

   rFlCloud:  It grants immunity to clouds of flame.
   rF++:      It greatly protects you from fire.
Missiles
 d - 3 throwing nets (quivered)
 e - a javelin
Armour
 A - a +2 helmet of see invisible (worn)
 D - the +15 Maxwell's patent armour (worn) {-Cast -Tele rElec Will+ rCorr}
   (You found it in the Dungeon)

   rElec:     It insulates you from electricity.
   Will+:     It increases your willpower.
   -Cast:     It prevents spellcasting.
   -Tele:     It prevents most forms of teleportation.
   rCorr:     It protects you from acid and corrosion.
Jewellery
 a - the ring of Qiamegam {MP+9 Int+5}
   (You found it in the Dungeon)

   [ring of magical power]

   Int+5:     It affects your intelligence (+5).
   MP+9:      It affects your magic capacity (+9).
 z - a ring of protection from cold
 B - a +6 ring of strength (left hand)
 C - a +6 ring of strength (right hand)
Wands
 u - a wand of mindburst (14)
 v - a wand of acid (6)
 w - a wand of flame (8)
 x - a wand of paralysis (7)
 y - a wand of roots (6)
Scrolls
 k - 4 scrolls of blinking
 o - 2 scrolls of enchant armour
 q - 4 scrolls of amnesia
 r - 7 scrolls of fog
 s - 5 scrolls of identify
 t - 2 scrolls of fear
Potions
 f - 10 potions of curing
 h - 6 potions of haste
 i - 7 potions of magic
 j - 2 potions of berserk rage
 l - 2 potions of brilliance
 m - 2 potions of invisibility
 n - 4 potions of resistance
 p - 5 potions of might
Miscellaneous
 b - a condenser vane (inert)


   Skills:
 + Level 8.4 Fighting
 + Level 8.0 Axes
 - Level 1.7 Throwing
 + Level 7.8 Armour
 + Level 7.9 Dodging
 + Level 10.2 Invocations
 + Level 7.8 Evocations


You had 7 spell levels left.
You didn't know any spells.
Your spell library contained the following spells:

 Spells                   Type           Power      Damage    Failure   Level
 Frozen Ramparts          Ice            0%         1d1       100%        3
 Ozocubu's Armour         Ice            0%         N/A       100%        3
 Petrify                  Tmut/Erth      0%         N/A       100%        4
 Metabolic Englaciation   Hex/Ice        0%         N/A       100%        5
 Ozocubu's Refrigeration  Ice            0%         4d7       100%        7


Dungeon Overview and Level Annotations

Branches:
Dungeon (1/1)

Altars:
Ashenzari
Cheibriados
Dithmenos
Fedhas
Gozag
Hepliaklqana
Kikubaaqudgha
Makhleb
Nemelex Xobeh
Okawaru
Qazlal
Ru
Sif Muna
Trog
Uskayaw
Vehumet
Wu Jian
Xom
Yredelemnul
Jiyva
Lugonu

Annotations:
D 1 transporter


Innate Abilities, Weirdness & Mutations

When seriously injured, your blood forms armour. (AC +6)
Spells you cast may paralyse adjacent enemies.
You have a small tail.


Message History

You barely miss Byista Hubb.
Byista Hubb is lightly wounded.
Byista Hubb hits you!
* * * LOW HITPOINT WARNING * * *
The smoke demon hits you but does no damage. x3
The chaos spawn is engulfed in noxious fumes.
The chaos spawn appears confused.
The hellwing hits you but does no damage. x2
Byista Hubb hits you but does no damage.
The smoke demon gestures at you. The ball of steam misses you.
The chaos spawn is engulfed in noxious fumes.
The chaos spawn gores Byista Hubb!
Byista Hubb resists with almost no effort.
The hellwing hits you!
* * * LOW HITPOINT WARNING * * *
The hellwing hits you but does no damage.
You feel much better.
Byista Hubb hits you but does no damage.
The rust devil hits you.
The chaos spawn is engulfed in noxious fumes.
The chaos spawn appears confused.
The chaos spawn gores Byista Hubb!
The chaos spawn sears Byista Hubb!
The smoke demon barely misses you.
The smoke demon hits you but does no damage. x2
The hellwing hits you but does no damage. x2
Byista Hubb gestures at you. The bolt of lightning misses you.
The bolt of lightning hits you!! You resist.
* * * LOW HITPOINT WARNING * * *
Okay, then.
A red film seems to cover your vision as you go berserk!
You feel yourself moving faster!
You feel mighty!
The smoke demon hits you but does no damage. x3
The chaos spawn is engulfed in noxious fumes.
The rust devil hits you. Byista Hubb gestures at you.
The bolt of lightning misses you. The bolt of lightning hits you! You resist.
* * * LOW HITPOINT WARNING * * *
The hellwing hits you but does no damage.
The hellwing hits you!
You die...

▓..)©...▓
▓▓▓▓▓▓▓▓▓
▓..8©8..▓
▓§.)[§§.▓
▓§."/=..▓
▓§§§....▓
▓..§4...▓
▓.3&4...▓
▓.5@5...▓
▓.4.§.§.▓
▓...©§..▓
▓▓▓▓▓▓▓▓▓


You could see Byista Hubb, a hellwing, a rust devil (summoned), a smoke demon
(summoned), a chaos spawn (summoned, confused), an iron imp and a crimson imp.

Vanquished Creatures
  2 trolls (D)
  A yak (D)
  2 fire elementals (D)
  4 hell hounds (D)
  An orc warrior (D)
  A wolf (D)
  A bullfrog (D)
  An orc priest (D)
  2 iron imps (D)
  An iguana (D)
  An orc wizard (D)
  2 mummies (D)
  An adder skeleton (D)
  An adder zombie (D)
  2 orcs (D)
  A bat zombie (D)
  A jackal zombie (D)
25 creatures vanquished.

Vanquished Creatures (others)
  A spriggan (shapeshifter) (D)
  15 jellies (D)
  An orc wizard (D)
  An endoplasm (shapeshifter) (D)
  A jackal skeleton (D)
19 creatures vanquished.

Grand Total: 44 creatures vanquished

Notes
Turn   | Place    | Note
-------+----------+-------------------------------------------
     0 | D        | Revguard the Demonspawn Gladiator began the quest for the
                  | Orb.
     0 | D        | Reached XP level 1. HP: 16/16 MP: 1/1
     0 | D        | Found a shimmering blue altar of Sif Muna.
     0 | D        | Found a bloodstained altar of Trog.
     0 | D        | Found a sacrificial altar of Ru.
     0 | D        | Found a stormy altar of Qazlal.
     0 | D        | Found an iron altar of Okawaru.
     1 | D        | Found a sparkling altar of Nemelex Xobeh.
     1 | D        | Found a blossoming altar of Fedhas.
     1 | D        | Found the +6 Majin-Bo {spellvamp, MP+6 Int+6}
     1 | D        | Found the +27 heavy crossbow "Sniper" {heavy, Acc+∞ SInv}
     1 | D        | Found the +10 dark maul {heavy}
     1 | D        | Found the +15 Maxwell's patent armour {-Cast -Tele rElec
                  | Will+ rCorr}
     1 | D        | Found the +18 shield of the Gong {Loud rN+ Will+ rCorr
                  | EV-5}
     1 | D        | Found the +16 obsidian axe {drain, demonic, Mesm Drain Fly
                  | SInv}
     1 | D        | Found the +7 great mace "Firestarter" {flame, immolate,
                  | rFlCloud rF++}
     1 | D        | Found the +6 shillelagh "Devastator" {shatter}
     1 | D        | Found the +11 plutonium sword {Contam Stlth-}
     1 | D        | Found the +8 lance "Wyrmbane" {slay drac, rPois rF+ rC+
                  | AC+3}
     1 | D        | Found the +9 sword of Zonguldrok {reap}
     1 | D        | Found the +13 scythe of Curses {drain, curses, Drain}
     1 | D        | Found the +9 sword of Power {lifebolt}
     1 | D        | Found the +7 mace of Variability {chaos, chaos arc}
     1 | D        | Found the +11 Singing Sword {sonic wave}
     1 | D        | Found the +8 storm bow {elec, penet}
     3 | D        | Found a transporter.
     3 | D        | Found an ancient bone altar of Kikubaaqudgha.
     3 | D        | Found a viscous altar of Jiyva.
     3 | D        | Found a corrupted altar of Lugonu.
     3 | D        | Found a hazy altar of Hepliaklqana.
     3 | D        | Found a burning altar of Makhleb.
     3 | D        | Found an opulent altar of Gozag.
    49 | D        | Became a worshipper of Jiyva Jiann the Shapeless
    54 | D        | Reached skill level 3 in Invocations
    54 | D        | Gained mutation: You have a small tail. [demonic ancestry]
    54 | D        | Reached XP level 2. HP: 24/24 MP: 1/4
   309 | D        | Killed a spriggan
   447 | D        | Entered arena 2.
   447 | D        | Noticed a troll
   447 | D        | Noticed a troll
   447 | D        | Found a transporter.
   454 | D        | Killed a troll
   454 | D        | HP: 1/24 [troll (3)]
   455 | D        | Reached skill level 5 in Fighting
   455 | D        | Reached skill level 5 in Axes
   455 | D        | Reached skill level 5 in Armour
   455 | D        | Reached skill level 5 in Dodging
   455 | D        | Reached skill level 6 in Invocations
   455 | D        | Reached XP level 3. HP: 2/33 MP: 4/7
   455 | D        | Gained mutation: When seriously injured, your blood forms
                  | armour. (AC +6) [demonic ancestry]
   455 | D        | Reached XP level 4. HP: 2/39 MP: 4/8
   455 | D        | Gained mutation: Spells you cast may paralyse adjacent
                  | enemies. [demonic ancestry]
   455 | D        | Reached XP level 5. HP: 2/44 MP: 4/9
   455 | D        | Killed a troll
   456 | D        | Reached skill level 7 in Invocations
   456 | D        | Reached skill level 5 in Evocations
   456 | D        | Reached XP level 6. HP: 35/53 MP: 4/11
   521 | D        | Entered arena 3.
   521 | D        | Noticed a hell hound
   521 | D        | Noticed a fire elemental
   521 | D        | Noticed a fire elemental
   521 | D        | Found a transporter.
   526 | D        | Killed a hell hound
   527 | D        | Reached XP level 7. HP: 32/59 MP: 12/12
   535 | D        | Killed a fire elemental
   536 | D        | Reached skill level 8 in Invocations
   539 | D        | Killed a fire elemental
   545 | D        | Got the ring of Qiamegam {MP+9 Int+5}
   605 | D        | Entered arena 4.
   605 | D        | Reached * piety under Jiyva
   605 | D        | Found a transporter.
   612 | D        | Reached skill level 9 in Invocations
   624 | D        | Reached XP level 8. HP: 56/67 MP: 14/14
   641 | D        | Entered arena 5.
   641 | D        | Found a transporter.
   662 | D        | Entered arena 6.
   662 | D        | Found a transporter.
   680 | D        | Entered arena 7.
   680 | D        | Identified the ring of Dishonour {Ice Str-5 Int+8 Dex+2}
   680 | D        | Identified the ring of Peace {Ice *Slow rElec Str+3 SInv}
   680 | D        | Reached ** piety under Jiyva
   682 | D        | Reached skill level 10 in Invocations
   683 | D        | Paralysed by an orc priest for 4 turns
   691 | D        | Found a transporter.
   713 | D        | Entered arena 8.
   713 | D        | Noticed a hellwing
   713 | D        | Noticed Byista Hubb the pandemonium lord
   715 | D        | Found a transporter.
   715 | D        | Noticed an orange demon
   717 | D        | Noticed a sun demon
   717 | D        | Noticed a smoke demon
   717 | D        | Noticed a rust devil
   722 | D        | HP: 4/103 [Byista Hubb the pandemonium lord/bolt of
                  | lightning (17)]
   722 | D        | Slain by a hellwing

Illustrated notes

Levels and vault maps discovered:
D:        sprint_v [room_start, room_1, room_2, room_3, room_4, room_5, room_6,
          room_7, room_8, room_9, room_10, room_11, room_12, room_13, room_14,
          room_15, room_16, room_17, room_18, room_19, room_20, room_21,
          room_22, room_23, room_24, room_25, room_26, room_27]

Skill      XL: |  1  2  3  4  5  6  7  8 |
---------------+-------------------------+-----
Fighting       | 3 5 6 7 8 |  8.4
Axes           | 3 5 6 7 8 |  8.0
Armour         | 3 5 6 7 |  7.8
Dodging        | 3 5 6 7 |  7.9
Invocations    | 3 6 7 9 10 | 10.2
Evocations     | 2 4 5 6 7 |  7.8
Throwing       | |  1.7

Action                     |  1- 3 |  4- 6 |  7- 9 || total
---------------------------+-------+-------+-------++-------
  Melee: Great mace        |     4 |       |    32 ||    36
         Shillelagh        |       |     2 |     7 ||     9
         Tailslap          |       |       |     3 ||     3
  Evoke: Wand              |       |       |     2 ||     2
         Condenser vane    |       |       |     1 ||     1
    Use: Potion            |     3 |     1 |     8 ||    12
         Scroll            |       |       |     2 ||     2
 Armour: Plate armour      |    37 |    10 |   140 ||   187
  Dodge: Dodged            |    15 |     2 |    63 ||    80

Table legend: (Time is in decaauts)
 A = Elapsed time spent in this place.
 B = Non-inter-level travel time spent in this place.
 C = Inter-level travel time spent in this place.
 D = Time resting spent in this place.
 E = Time spent auto-exploring this place.
 F = Levels seen in this place.
 G = Mean time per level.
                   A        B        C        D        E       F      G
               +--------+--------+--------+--------+--------+-----+--------+
         Total |    738 |    738 |      0 |    495 |      0 |   1 |  738.0 |
       Dungeon |    738 |    738 |      0 |    495 |      0 |   1 |  738.0 |
               +--------+--------+--------+--------+--------+-----+--------+

Top non-repeatable levels by time:
       D: 738 daAuts
